 Dungeon Crawl Stone Soup version 0.30-a0-930-gb9d0489357 (webtiles) character file.

Game seed: 1063635432490665085

116 12sPaWn12 the Trooper (level 5, -4/33 HPs)
             Began as a Gargoyle Fighter on Mar 23, 2023.
             Slain by Crazy Yiuf
             ... wielding a +3 quarterstaff of chaos
              (8 damage)
             ... on level 2 of the Dungeon.
             The game lasted 00:02:02 (1345 turns).

12sPaWn12 the Trooper (Gargoyle Fighter)            Turns: 1345, Time: 00:02:03

Health: -4/33      AC: 11    Str: 22    XL:     5   Next: 0%
Magic:  4/5        EV:  9    Int:  8    God:
Gold:   67         SH:  4    Dex:  9    Spells: 4/4 levels left

rFire   + . .      SeeInvis .    a - +0 flail
rCold   + . .      Faith    .    c - +0 buckler
rNeg    + . .      Spirit   .    b - +0 scale mail
rPois   ∞          Reflect  .    (no helmet)
rElec   +          Rampage  .    (no cloak)
rCorr   +                        (no gloves)
Will    .....                    (no boots) Stlth
                                 (no amulet)
HPRegen 0.25/turn                (no ring)
MPRegen 0.09/turn                (no ring)

@: resistant, slowed, very slow
A: sickness immunity, AC +4, negative energy resistance 1, electricity
resistance, torment resistance 1, petrification resistance
a: no special abilities


You were on level 2 of the Dungeon.
You visited 1 branch of the dungeon, and saw 2 of its levels.

You collected 67 gold pieces.

Inventory:

Hand Weapons
 a - a +0 flail (weapon)
Armour
 b - a +0 scale mail (worn)
 c - a +0 buckler (worn)
Wands
 j - a wand of polymorph (7)
Scrolls
 e - 3 scrolls of identify {unknown}
 i - a scroll of immolation {unknown}
Potions
 d - a potion of might
 f - a potion of lignification {unknown}
 g - a potion of resistance {unknown}
 h - a potion of magic {unknown}
 k - a potion of flight {unknown}


   Skills:
 * Level 3.8 Fighting
 * Level 3.6 Maces & Flails
 * Level 3.8 Armour
 * Level 1.0 Dodging
 * Level 3.7 Shields


You had 4 spell levels left.
You didn't know any spells.
Your spell library contained the following spells:

 Spells                   Type           Power      Damage    Failure   Level
 Scorch                   Fire           0%         2d5       91%         2
 Call Canine Familiar     Summ           0%         N/A       99%         3
 Portal Projectile        Hex/Tloc       0%         N/A       99%         3
 Flame Wave               Conj/Fire      0%         2d4       100%        4
 Leda's Liquefaction      Hex/Erth       0%         N/A       100%        4
 Summon Cactus Giant      Summ           0%         N/A       100%        6


Dungeon Overview and Level Annotations

Branches:
Dungeon (2/15)

Altars:

Shops:
D:1 ?

Annotations:
D:2 Crazy Yiuf


Innate Abilities, Weirdness & Mutations

You are immune to sickness and miasma.
Your stone body is resilient. (AC +4)
You are immune to poison.
You resist negative energy. (rN+)
You are resistant to electric shocks. (rElec)
You are resistant to unholy torment.
You are immune to petrification.


Message History

k - a fizzy yellow potion You see here 5 silver javelins.
Found a hammer.
Found a runed translucent door.
Crazy Yiuf shouts!
You open the door. You barely miss Crazy Yiuf.
Crazy Yiuf hits you with a +3 quarterstaff of chaos.
Crazy Yiuf freezes you.
You hit Crazy Yiuf but do no damage.
Crazy Yiuf hits you with a +3 quarterstaff of chaos.
You feel yourself slow down. You block Crazy Yiuf's attack.
You hit Crazy Yiuf.
Crazy Yiuf is moderately wounded.
Crazy Yiuf screams, "Key!"
Crazy Yiuf hits you with a +3 quarterstaff of chaos.
You are confused.
You barely miss Crazy Yiuf.
Crazy Yiuf is moderately wounded.
You feel less confused.
Crazy Yiuf hits you with a +3 quarterstaff of chaos.
You resist with some effort.
Crazy Yiuf says, "Race!
Iron infinity return to song."
Crazy Yiuf barely misses you.
You sock Crazy Yiuf!
Crazy Yiuf is severely wounded.
Crazy Yiuf hits you with a +3 quarterstaff of chaos.
You feel protected.
Crazy Yiuf hits you with a +3 quarterstaff of chaos!
Crazy Yiuf freezes you.
* * * LOW HITPOINT WARNING * * *
You hit Crazy Yiuf.
Crazy Yiuf is almost dead.
Crazy Yiuf hits you with a +3 quarterstaff of chaos.
* * * LOW HITPOINT WARNING * * *
You feel your power leaking away. You block Crazy Yiuf's attack.
You barely miss Crazy Yiuf.
Crazy Yiuf is almost dead.
Crazy Yiuf hits you with a +3 quarterstaff of chaos!
You die...

#...#.####..#
#...#...# ###
####...#..##
........>..# #####
###...)#.### #)..#
.##....#.# #...#
.##....#.### ...
...........# #g#
.##.####.### ♣@♣♣
.##.# #.# ♣♣.♣
###.####.### ♣.♣♣
###........# ♣♣.♣
.........### ♣♣.♣♣
.........# ♣♣...♣
.##..###.# ♣....♣
.##..# #.# #....#
.##..###.######....#


You could see Crazy Yiuf.

Vanquished Creatures
  A scorpion (D:2)
  2 adders (D:2)
  2 worms (D:2)
  A dart slug (D:2)
  8 ball pythons
  3 endoplasms
  A giant cockroach (D:1)
  5 hobgoblins
  2 quokkas (D:1)
  2 bats
  2 frilled lizards (D:1)
  2 goblins (D:2)
  2 kobolds
  A rat (D:1)
34 creatures vanquished.

Notes
Turn   | Place    | Note
-------+----------+-------------------------------------------
     0 | D:1      | 12sPaWn12 the Gargoyle Fighter began the quest for the Orb.
     0 | D:1      | Reached XP level 1. HP: 14/14 MP: 1/1
   110 | D:1      | Found a faded altar of an unknown god.
   144 | D:1      | Reached XP level 2. HP: 19/19 MP: 2/2
   153 | D:1      | Found Yfrim's Magic Scroll Emporium.
   673 | D:2      | Noticed a scorpion
   689 | D:2      | Killed a scorpion
   690 | D:2      | Reached XP level 3. HP: 11/24 MP: 3/3
   690 | D:2      | Reached XP level 4. HP: 14/29 MP: 4/4
   807 | D:2      | Reached skill level 1 in Dodging
  1270 | D:2      | Reached XP level 5. HP: 32/33 MP: 5/5
  1334 | D:2      | Found a runed translucent door.
  1335 | D:2      | Noticed Crazy Yiuf
  1345 | D:2      | Slain by Crazy Yiuf

Illustrated notes

Levels and vault maps discovered:
D:1:      dpeg_arrival_long_road, layout_rooms, serial_shops, shop,
          ebering_ecumenical_altar_abandoned
D:2:      layout_basic, serial_aquarium, aquarium_bridge_long_joined
          [aquarium_subvault_wall, aquarium_subvault_bridge,
          aquarium_subvault_wall, aquarium_subvault_bridge,
          aquarium_subvault_bridge, aquarium_subvault_bridge],
          aquarium_bridge_square [aquarium_subvault_wall,
          aquarium_subvault_bridge, aquarium_subvault_wall,
          aquarium_subvault_bridge], aquarium_window_1, aquarium_window_2,
          aquarium_view_2d, aquarium_balcony_5b, minmay_pentomino_o4,
          uniq_crazy_yiuf_cottage

Skill      XL: |  1  2  3  4 |
---------------+-------------+-----
Maces & Flails | 3 |  3.6
Dodging        | 1 |  1.0
Fighting       | |  3.8
Armour         | |  3.8
Shields        | |  3.7

Action                     |  1- 3 |  4- 6 || total
---------------------------+-------+-------++-------
  Melee: Flail             |    91 |    44 ||   135
 Armour: Scale mail        |    61 |    14 ||    75
  Dodge: Dodged            |    41 |    23 ||    64
  Block: Buckler           |    14 |    10 ||    24

Table legend: (Time is in decaauts)
 A = Elapsed time spent in this place.
 B = Non-inter-level travel time spent in this place.
 C = Inter-level travel time spent in this place.
 D = Time resting spent in this place.
 E = Time spent auto-exploring this place.
 F = Levels seen in this place.
 G = Mean time per level.
                   A        B        C        D        E       F      G
               +--------+--------+--------+--------+--------+-----+--------+
         Total |   1389 |   1341 |     48 |      0 |   1044 |   2 |  694.5 |
       Dungeon |   1389 |   1341 |     48 |      0 |   1044 |   2 |  694.5 |
               +--------+--------+--------+--------+--------+-----+--------+

Top non-repeatable levels by time:
     D:2: 772 daAuts
     D:1: 617 daAuts
